 Dungeon Crawl Stone Soup version 0.30.1-4-g462c640d31 (webtiles) character file.

Game seed: 16329901902940381610

1117 wingedge the Trooper (level 7, 0/63 HPs)
             Began as a Demigod Wanderer on Aug 29, 2023.
             Slain by a killer bee (5 damage)
             ... on level 5 of the Dungeon.
             The game lasted 00:19:06 (6245 turns).

wingedge the Trooper (Demigod Wanderer)             Turns: 6245, Time: 00:19:07

Health: 0/63       AC:  4    Str: 14    XL:     7   Next: 87%
Magic:  16/20      EV: 11    Int: 20    God:
Gold:   77         SH:  0    Dex: 14    Spells: 3/7 levels left

rFire   . . .        a - +0 falchion
rCold   . . .        (no shield)
rNeg    . . .        g - +0 robe
rPois   .            e - +0 helmet
rElec   .            (no cloak)
rCorr   .            D - +0 pair of gloves
SInv    .            (no boots)
Will    .....        (no amulet)
Stlth   +            j - ring of magical power
HPRegen 0.30/turn    y - ring of willpower
MPRegen 0.17/turn

%: no passive effects
@: lethally poisoned (0 -> -26), weak-willed, very slightly contaminated
A: high MP 1, forlorn, divine attributes
a: no special abilities


You were on level 5 of the Dungeon.
You visited 1 branch of the dungeon, and saw 5 of its levels.

You collected 77 gold pieces.

Inventory:

Hand Weapons
 a - a +0 falchion (weapon)
 b - a +2 dagger
 c - a +0 sling
 x - a +0 morningstar
 H - a +1 hand axe of venom
Missiles
 k - 9 boomerangs (quivered)
 F - 3 silver javelins
 I - 2 poisoned darts
Armour
 d - a +0 scale mail
 e - a +0 helmet (worn)
 g - a +0 robe (worn)
 B - a +0 ring mail of cold resistance
 D - a +0 pair of gloves (worn)
Jewellery
 f - a ring of flight
 j - a ring of magical power (left hand)
 y - a ring of willpower (right hand)
Wands
 t - a wand of quicksilver (8)
Scrolls
 i - a scroll of immolation {unknown}
 l - a scroll of vulnerability
 m - a scroll of poison {unknown}
 o - 2 scrolls of magic mapping {unknown}
 p - 2 scrolls of amnesia {unknown}
 q - 5 scrolls of identify {unknown}
 r - a scroll of butterflies {unknown}
 u - a scroll of teleportation {unknown}
 v - a scroll of fog {unknown}
 w - a scroll of brand weapon {unknown}
 J - a scroll of enchant armour {unknown}
Potions
 h - a potion of flight {unknown}
 n - 3 potions of curing {unknown}
 z - 2 potions of mutation {unknown}
 A - a potion of cancellation {unknown}
 C - 2 potions of resistance {unknown}
 E - a potion of degeneration {unknown}
 G - a potion of might


   Skills:
 - Level 6.0 Fighting
 - Level 1.0 Long Blades
 - Level 4.0 Throwing
 - Level 4.0 Armour
 - Level 1.0 Dodging
 + Level 0.8 Spellcasting
 + Level 2.8 Conjurations
 - Level 1.7 Air Magic
 + Level 3.9 Earth Magic


You had 3 spell levels left.
You knew the following spells:

 Your Spells              Type           Power      Damage    Failure   Level
a - Sandblast             Erth           32%        2d9       3%          1
b - Stone Arrow           Conj/Erth      28%        3d8       13%         3

Your spell library contained the following spells:

 Spells                   Type           Power      Damage    Failure   Level
 Passwall                 Tmut/Erth      6%         N/A       12%         2
 Lesser Beckoning         Tloc           0%         N/A       26%         2
 Vhi's Electric Charge    Tloc/Air       8%         N/A       36%         3
 Gell's Gravitas          Tloc           0%         N/A       47%         3
 Ozocubu's Armour         Ice            0%         N/A       47%         3
 Teleport Other           Tloc           0%         N/A       47%         3
 Arcjolt                  Conj/Air       5%         1d15      88%         5
 Plasma Beam              Fire/Air       2%         2x1d13    100%        6
 Ozocubu's Refrigeration  Ice            0%         4d7       100%        7


Dungeon Overview and Level Annotations

Branches:
Dungeon (5/15)             Temple (0/1) D:4

Shops:
D:5 :


Innate Abilities, Weirdness & Mutations

You have an increased reservoir of magic. (+10% MP)
You shall have no god before yourself.
Your divine heritage dramatically boosts your attributes as you level up.


Message History

You are more poisoned.
The killer bee poisons you! The killer bee barely misses you.
The killer bee misses you. The killer bee stings you.
Casting: Sandblast (safe; 3% risk of failure)
Confirm with . or Enter, or press ? or * to list all spells.
Aiming: Stone Arrow (dangerous; 13% risk of failure)
Press: ? - help, Shift-Dir - straight line, f/p - killer bee
Aim: a killer bee (moderately wounded, 39% to hit)
You miscast Stone Arrow.
You are very lightly contaminated with residual magic.
Nothing appears to happen.
You feel very sick.
The killer bee stings you. x3; The killer bee barely misses you. x2
The killer bee stings you but does no damage.
The killer bee stings you. The killer bee barely misses you.
Okay, then.
You feel much better.
You feel very sick. The killer bee misses you.
The killer bee barely misses you. The killer bee stings you.
You are more poisoned.
The killer bee poisons you! The killer bee misses you.
The killer bee barely misses you. The killer bee stings you!
The killer bee stings you. x2
You are more poisoned.
The killer bee poisons you!
As you read the scroll labelled GOIDEREULO, it crumbles to dust.
Magic quickly surges around you.
It was a scroll of vulnerability.
You feel very sick. The killer bee stings you.
You are lethally poisoned!
The killer bee poisons you! The killer bee stings you.
* * * LOW HITPOINT WARNING * * *
The killer bee stings you.
* * * LOW HITPOINT WARNING * * *
The killer bee misses you. The killer bee barely misses you.
The killer bee stings you!
* * * LOW HITPOINT WARNING * * *
The killer bee stings you.
You die...

######'##....###.#
#...######
#.....÷##....# #.#
#...# #
#.[...<####### #.#
#...# #......# ..
#...# #......# # #
#...# #......# #.
#...# #......#
#.##########†#######
########
#.yy......##.##.....
#.y@................
#.y.......##.##.....
############.#######
#...# #.. #...# #..
#...# #.. #...# #..
#...# #.. #...# ##..


You could see 4 killer bees.

Vanquished Creatures
  Sigmund (D:3)
  An ice beast (D:4)
  A phantom (D:5)
  2 scorpions (D:5)
  4 orc priests (D:5)
  Crazy Yiuf (D:3)
  2 hounds (D:5)
  7 iguanas (D:5)
  An orc wizard (D:4)
  Natasha (thrice) (D:3)
  8 adders
  3 gnolls
  A worm (D:2)
  3 dart slugs
  11 orcs
  6 endoplasms
  A giant cockroach (D:3)
  7 goblins
  3 hobgoblins
  3 jackals (D:3)
  A quokka (D:3)
  12 ball pythons
  5 bats (D:1)
  4 frilled lizards
  6 kobolds
97 creatures vanquished.

Vanquished Creatures (others)
  A human (D:4)
  An orc (D:5)
2 creatures vanquished.

Grand Total: 99 creatures vanquished

Notes
Turn   | Place    | Note
-------+----------+-------------------------------------------
     0 | D:1      | wingedge the Demigod Wanderer began the quest for the Orb.
     0 | D:1      | wingedge set off with the following items: a +2 dagger, a
                  | curare-tipped dart, a +0 falchion, a +0 scale mail, a
                  | potion of heal wounds.
     0 | D:1      | Reached XP level 1. HP: 14/14 MP: 3/3
   209 | D:1      | Reached skill level 1 in Fighting
   312 | D:1      | Reached XP level 2. HP: 20/23 MP: 4/4
   551 | D:1      | Reached skill level 2 in Fighting
  1225 | D:2      | Reached XP level 3. HP: 19/30 MP: 5/5
  1838 | D:3      | Found a runed translucent door.
  1839 | D:3      | Noticed Crazy Yiuf
  2012 | D:3      | Reached skill level 3 in Fighting
  2470 | D:2      | Reached XP level 4. HP: 32/38 MP: 6/6
  2564 | D:3      | Noticed Natasha
  2581 | D:3      | Killed Natasha
  2608 | D:4      | Reached skill level 4 in Fighting
  2815 | D:4      | Noticed a human
  2817 | D:4      | Killed a human
  2888 | D:4      | Noticed an ice beast
  2922 | D:3      | Noticed Natasha
  2932 | D:3      | Killed Natasha
  2933 | D:3      | Reached XP level 5. HP: 26/46 MP: 7/7
  3014 | D:3      | Noticed Sigmund
  3017 | D:3      | Noticed Natasha
  3021 | D:3      | Killed Natasha
  3025 | D:3      | Killed Sigmund
  3026 | D:3      | Reached skill level 5 in Fighting
  3026 | D:3      | Reached XP level 6. HP: 36/56 MP: 8/8
  3536 | D:3      | Killed Crazy Yiuf
  3747 | D:4      | Found a staircase to the Ecumenical Temple.
  3776 | D:4      | Reached skill level 1 in Conjurations
  3776 | D:4      | Reached skill level 1 in Air Magic
  4196 | D:5      | Entered Level 5 of the Dungeon
  4812 | D:4      | Learned a level 1 spell: Sandblast
  4816 | D:4      | Learned a level 3 spell: Stone Arrow
  4896 | D:5      | Reached XP level 7. HP: 49/62 MP: 9/9
  5126 | D:5      | Reached skill level 6 in Fighting
  5126 | D:5      | Reached skill level 1 in Earth Magic
  5769 | D:5      | Found Buet's Tiny Tomes.
  6245 | D:5      | Slain by a killer bee

Illustrated notes

Levels and vault maps discovered:
D:1:      evilmike_arrival_rings, layout_basic, minmay_tiny_reverse_x
D:2:      layout_loops_corners
D:3:      layout_basic, grunt_qazlal_sundering, kennysheep_slug_shrine,
          gammafunk_temple_overflow_statue, uniq_crazy_yiuf_cottage,
          uniq_natasha, uniq_sigmund
D:4:      layout_loops_ring, overflow_temple_1_default, tgw_kikubaaqudgha,
          mainiacjoe_overflow_alcove_1, mainiacjoe_overflow_catwalk,
          minmay_temple_entry_slanted
D:5:      layout_basic, nicolae_shop_i_like_small_books_too,
          kennysheep_cross_bottleneck

Skill      XL: |  1  2  3  4  5  6  7 |
---------------+----------------------+-----
Fighting       | 1 2 3 4 5 6 |  6.0
Throwing       | 4 |  4.0
Armour         | 4 |  4.0
Conjurations   | 1 2 |  2.8
Air Magic      | 1 |  1.7
Earth Magic    | 3 |  3.9
Long Blades    | |  1.0
Dodging        | |  1.0
Spellcasting   | |  0.8

Action                     |  1- 3 |  4- 6 |  7- 9 || total
---------------------------+-------+-------+-------++-------
  Melee: Dagger            |   142 |    54 |       ||   196
         Falchion          |    22 |   128 |    29 ||   179
         Punch             |       |     1 |     1 ||     2
   Fire: Sling             |     4 |     4 |       ||     8
  Throw: Boomerang         |     3 |    12 |     8 ||    23
         Dart              |     1 |       |       ||     1
         Javelin           |       |    19 |     4 ||    23
         Throwing net      |       |     3 |       ||     3
   Cast: Stone Arrow       |       |       |    16 ||    16
         Sandblast         |       |       |    16 ||    16
  Evoke: Wand              |       |       |     1 ||     1
    Use: Potion            |       |     5 |     1 ||     6
         Scroll            |       |       |     1 ||     1
   Stab: Sleeping          |       |     1 |       ||     1
 Armour: Scale mail        |    54 |    27 |       ||    81
         Ring mail         |       |    32 |     8 ||    40
         Robe              |       |     6 |     7 ||    13
  Dodge: Dodged            |    68 |   119 |    33 ||   220
